PAAA
FOREST CITY WARRIORS @ SYRACUSE STARKS
09/03/2042
 
TOP OF THE 1ST
Forest City Warriors batting - Pitching for Syracuse Starks : RHP Nolan Owens
Pitching: RHP Nolan Owens
Batting: SHB Esteban Piñeiro 0-0: SINGLE (Line Drive, 7S, EV 106.9 MPH)
Batting: LHB Pedro Guerrero 0-0: Ball
Esteban Piñeiro steals 2nd base (no throw)
1-0: Foul Ball, location: 2F
1-1: TRIPLE (Groundball, 3L, EV 101.9 MPH)
Esteban Piñeiro scores
Batting: RHB Charlie Cummings 0-0: Ball
1-0: Ball
2-0: Called Strike
2-1: Ball
3-1: Called Strike
3-2: Strikes out looking
Batting: LHB Danny Rodríguez 0-0: Ball
1-0: Ball
2-0: Foul Ball, location: 2F
2-1: Called Strike
2-2: Strikes out swinging
Batting: RHB Germán Gracía 0-0: Called Strike
0-1: Ball
1-1: Swinging Strike
1-2: Foul Ball, location: 2F
1-2: Strikes out looking
Top of the 1st over - 1 run, 2 hits, 0 errors, 1 left on base; Forest City 1 - Syracuse 0
BOTTOM OF THE 1ST
Syracuse Starks batting - Pitching for Forest City Warriors : RHP Clarence Miller
Pitching: RHP Clarence Miller
Batting: RHB Yoshiki Shimizu 0-0: Called Strike
0-1: Foul Ball, location: 2F
0-2: Foul Ball, location: 2F
0-2: Fly out, F7 (Flyball, 78M, EV 94.4 MPH)
Batting: RHB Akke Derksen 0-0: Ball
1-0: Ball
2-0: Ground out 5-3 (Groundball, 5, EV 86.2 MPH)
Batting: RHB Arsenio Laurel 0-0: Ground out 4-3 (Groundball, 34, EV 86.2 MPH)
Bottom of the 1st over - 0 runs, 0 hits, 0 errors, 0 left on base; Forest City 1 - Syracuse 0
TOP OF THE 2ND
Forest City Warriors batting - Pitching for Syracuse Starks : RHP Nolan Owens
Batting: LHB Luis Aranda 0-0: SINGLE (Groundball, 6MD, EV 98.1 MPH)
Batting: RHB Lawrence Stokes 0-0: Ball
1-0: Fly out, F9 (Line Drive, 9, EV 91.2 MPH)
Batting: RHB José Álvarez 0-0: Ball
1-0: Ball
2-0: Called Strike
2-1: Foul Ball, location: 2F
2-2: Ball
3-2: Base on Balls
Luis Aranda to second
Batting: RHB Sam Hamilton 0-0: Called Strike
0-1: Swinging Strike
0-2: Strikes out swinging
Batting: SHB Esteban Piñeiro 0-0: Ball
1-0: Ball
2-0: Ball
3-0: Called Strike
3-1: Swinging Strike
3-2: Foul Ball, location: 2F
3-2: Base on Balls
Luis Aranda to third
José Álvarez to second
Batting: LHB Pedro Guerrero 0-0: Ball
1-0: Foul Ball, location: 2F
1-1: SINGLE (Groundball, 34S, EV 65.0 MPH) (infield hit)
Luis Aranda scores
José Álvarez to third
Esteban Piñeiro to second
Batting: RHB Charlie Cummings 0-0: Ball
1-0: Fly out, F8 (Flyball, 8RXD, EV 98.8 MPH)
Top of the 2nd over - 1 run, 2 hits, 0 errors, 3 left on base; Forest City 2 - Syracuse 0
BOTTOM OF THE 2ND
Syracuse Starks batting - Pitching for Forest City Warriors : RHP Clarence Miller
Batting: RHB Patrick Mildren 0-0: Swinging Strike
0-1: Swinging Strike
0-2: Strikes out swinging
Batting: RHB Francisco Agámez 0-0: Ball
1-0: Ball
2-0: Called Strike
2-1: Ground out 6-3 (Groundball, 6, EV 108.8 MPH)
Batting: RHB Atanza Vongor 0-0: Ground out 5-3 (Groundball, 56, EV 83.1 MPH)
Bottom of the 2nd over - 0 runs, 0 hits, 0 errors, 0 left on base; Forest City 2 - Syracuse 0
TOP OF THE 3RD
Forest City Warriors batting - Pitching for Syracuse Starks : RHP Nolan Owens
Pitching: RHP Greyfriars Bobby
Batting: LHB Danny Rodríguez 0-0: Ball
1-0: Ground out 1-3 (Groundball, 15, EV 88.8 MPH)
Batting: RHB Germán Gracía 0-0: Ball
1-0: DOUBLE (Line Drive, 8RXD, EV 103.1 MPH)
Batting: LHB Luis Aranda 0-0: Ball
1-0: Hit by Pitch
Batting: RHB Lawrence Stokes 0-0: Ball
1-0: Foul Ball, location: 2F
1-1: Ball
2-1: Ball
3-1: Foul Ball, location: 2F
3-2: Foul Ball, location: 2F
3-2: SINGLE (Groundball, 6MD, EV 98.8 MPH)
Germán Gracía to third
Luis Aranda to second
Runner from 3rd tries for Home, SAFE, no throw by CF
Batting: RHB José Álvarez 0-0: Grounds into double play, 4-6-3 (Groundball, 4M, EV 81.2 MPH)
Top of the 3rd over - 1 run, 2 hits, 0 errors, 1 left on base; Forest City 3 - Syracuse 0
BOTTOM OF THE 3RD
Syracuse Starks batting - Pitching for Forest City Warriors : RHP Clarence Miller
Batting: RHB Jonathan Elmore 0-0: Foul Ball, location: 2F
0-1: Ball
1-1: Ball
2-1: Ball
3-1: DOUBLE (Line Drive, 7LS, EV 103.8 MPH)
Batting: LHB Bill Gracián 0-0: Swinging Strike
0-1: Swinging Strike
0-2: Strikes out looking
Batting: RHB Adrian Chandler 0-0: Swinging Strike
0-1: Ball
1-1: Ball
2-1: Ball
3-1: Fly out, F7 (Flyball, 7S, EV 93.1 MPH)
Batting: RHB Yoshiki Shimizu 0-0: Called Strike
0-1: Foul Ball, location: 2F
0-2: Ball
1-2: Ball
2-2: Ball
3-2: Strikes out looking
Bottom of the 3rd over - 0 runs, 1 hit, 0 errors, 1 left on base; Forest City 3 - Syracuse 0
TOP OF THE 4TH
Forest City Warriors batting - Pitching for Syracuse Starks : RHP Greyfriars Bobby
Batting: RHB Sam Hamilton 0-0: Foul Ball, location: 2F
0-1: Ball
1-1: Ground out 6-3 (Groundball, 6MD, EV 105.0 MPH)
Batting: SHB Esteban Piñeiro 0-0: Ball
1-0: Foul Ball, location: 2F
1-1: Ground out 1-3 (Groundball, 13, EV 85.0 MPH)
Batting: LHB Pedro Guerrero 0-0: Ball
1-0: Called Strike
1-1: SINGLE (Groundball, 4, EV 81.9 MPH) (infield hit)
Batting: RHB Charlie Cummings 0-0: Ball
1-0: Called Strike
1-1: Ball
2-1: Ball
3-1: Foul Ball, location: 2F
3-2: Ground out 4-3 (Groundball, 4, EV 98.1 MPH)
Top of the 4th over - 0 runs, 1 hit, 0 errors, 1 left on base; Forest City 3 - Syracuse 0
BOTTOM OF THE 4TH
Syracuse Starks batting - Pitching for Forest City Warriors : RHP Clarence Miller
Batting: RHB Akke Derksen 0-0: Called Strike
0-1: Swinging Strike
0-2: Ball
1-2: Foul Ball, location: 2F
1-2: Ball
2-2: Strikes out swinging
Batting: RHB Arsenio Laurel 0-0: Called Strike
0-1: Swinging Strike
0-2: Strikes out swinging
Batting: RHB Patrick Mildren 0-0: DOUBLE (Flyball, 8RXD, EV 101.9 MPH)
Batting: RHB Francisco Agámez 0-0: Foul Ball, location: 2F
0-1: Called Strike
0-2: Ball
1-2: Foul Ball, location: 2F
1-2: Foul Ball, location: 2F
1-2: Strikes out swinging
Bottom of the 4th over - 0 runs, 1 hit, 0 errors, 1 left on base; Forest City 3 - Syracuse 0
TOP OF THE 5TH
Forest City Warriors batting - Pitching for Syracuse Starks : RHP Greyfriars Bobby
Batting: LHB Danny Rodríguez 0-0: Ball
1-0: DOUBLE (Line Drive, 78D, EV 110.6 MPH)
Batting: RHB Germán Gracía 0-0: Ball
1-0: Ball
2-0: Ball
3-0: Base on Balls
Batting: LHB Luis Aranda 0-0: Ball
1-0: Fly out, F7 (Line Drive, 7S, EV 102.5 MPH)
Batting: RHB Lawrence Stokes 0-0: Ball
1-0: Ball
2-0: Called Strike
2-1: Foul Ball, location: 2F
2-2: Foul Ball, location: 2F
2-2: Foul Ball, location: 2F
2-2: Ball
3-2: Fly out, F9 (Flyball, 9LMF, EV 101.2 MPH)
Batting: RHB José Álvarez 0-0: Called Strike
0-1: Called Strike
0-2: Ball
1-2: Ball
2-2: Ground out 4-3 (Groundball, 4, EV 100.0 MPH)
Top of the 5th over - 0 runs, 1 hit, 0 errors, 2 left on base; Forest City 3 - Syracuse 0
BOTTOM OF THE 5TH
Syracuse Starks batting - Pitching for Forest City Warriors : RHP Clarence Miller
Batting: RHB Atanza Vongor 0-0: Ball
1-0: Ball
2-0: Foul Ball, location: 2F
2-1: Foul Ball, location: 2F
2-2: Ground out 5-3 (Groundball, 56S, EV 93.1 MPH)
Batting: RHB Jonathan Elmore 0-0: Swinging Strike
0-1: Ball
1-1: Foul Ball, location: 2F
1-2: Strikes out looking
Batting: LHB Bill Gracián 0-0: Ground out 4-3 (Groundball, 4, EV 100.6 MPH)
Bottom of the 5th over - 0 runs, 0 hits, 0 errors, 0 left on base; Forest City 3 - Syracuse 0
TOP OF THE 6TH
Forest City Warriors batting - Pitching for Syracuse Starks : RHP Greyfriars Bobby
Batting: RHB Sam Hamilton 0-0: Ball
1-0: Foul Ball, location: 2F
1-1: Ball
2-1: Ball
3-1: Swinging Strike
3-2: Fly out, F4 (Line Drive, 4, EV 61.9 MPH)
Batting: SHB Esteban Piñeiro 0-0: Called Strike
0-1: Called Strike
0-2: Foul Ball, location: 2F
0-2: Ball
1-2: Ball
2-2: Foul Ball, location: 2F
2-2: Ball
3-2: Ground out 4-3 (Groundball, 4, EV 83.1 MPH)
Batting: LHB Pedro Guerrero 0-0: Fly out, F8 (Line Drive, 8LD, EV 89.4 MPH)
Top of the 6th over - 0 runs, 0 hits, 0 errors, 0 left on base; Forest City 3 - Syracuse 0
BOTTOM OF THE 6TH
Syracuse Starks batting - Pitching for Forest City Warriors : RHP Clarence Miller
Batting: RHB Adrian Chandler 0-0: Ball
1-0: Ball
2-0: Called Strike
2-1: Ball
3-1: Called Strike
3-2: Base on Balls
Batting: RHB Yoshiki Shimizu 0-0: Ball
1-0: Fly out, F2 (Popup, 23F, EV 79.4 MPH)
Batting: RHB Akke Derksen 0-0: Called Strike
0-1: Ball
1-1: Ball
2-1: Called Strike
Adrian Chandler steals 2nd, throwing error, E2
Adrian Chandler to third
2-2: Fly out, F9 (Flyball, 9LM, EV 101.9 MPH)
Runner from 3rd tags up, SCORES, no throw by RF
Batting: RHB Arsenio Laurel 0-0: SINGLE (Groundball, 56D, EV 103.1 MPH)
Batting: RHB Patrick Mildren 0-0: Ball
1-0: Ball
2-0: Called Strike
2-1: DOUBLE (Line Drive, 3D, EV 94.4 MPH)
Arsenio Laurel to third
Runner from 3rd tries for Home, SAFE, throw by RF to trailing runner, OUT at third! 9-4-5
Bottom of the 6th over - 2 runs, 2 hits, 1 error, 0 left on base; Forest City 3 - Syracuse 2
TOP OF THE 7TH
Forest City Warriors batting - Pitching for Syracuse Starks : RHP Greyfriars Bobby
Pitching: RHP Jason Sanders
Batting: RHB Charlie Cummings 0-0: Called Strike
0-1: Swinging Strike
0-2: Ball
1-2: Strikes out swinging
Batting: LHB Danny Rodríguez 0-0: Called Strike
0-1: Swinging Strike
0-2: SOLO HOME RUN (Flyball, 7D, EV 113.8 MPH), Distance : 367 ft
Batting: RHB Germán Gracía 0-0: Ball
1-0: Foul Ball, location: 2F
1-1: Called Strike
1-2: Fly out, F8 (Line Drive, 8RD, EV 92.5 MPH)
Batting: LHB Luis Aranda 0-0: Called Strike
0-1: Ball
1-1: Swinging Strike
1-2: Ball
2-2: Foul Ball, location: 2F
2-2: Strikes out swinging
Top of the 7th over - 1 run, 1 hit, 0 errors, 0 left on base; Forest City 4 - Syracuse 2
BOTTOM OF THE 7TH
Syracuse Starks batting - Pitching for Forest City Warriors : RHP Clarence Miller
Batting: RHB Francisco Agámez 0-0: Ball
1-0: Ball
2-0: Called Strike
2-1: Fly out, F8 (Flyball, 89S, EV 79.4 MPH)
Batting: RHB Atanza Vongor 0-0: Called Strike
0-1: Foul Ball, location: 2F
0-2: Ball
1-2: Strikes out swinging
Batting: RHB Jonathan Elmore 0-0: Ground out 5-3 (Groundball, 5, EV 83.1 MPH)
Bottom of the 7th over - 0 runs, 0 hits, 0 errors, 0 left on base; Forest City 4 - Syracuse 2
TOP OF THE 8TH
Forest City Warriors batting - Pitching for Syracuse Starks : RHP Jason Sanders
Batting: RHB Lawrence Stokes 0-0: DOUBLE (Flyball, 89XD, EV 103.8 MPH)
Batting: RHB José Álvarez 0-0: Intentional Walk
Batting: RHB Sam Hamilton 0-0: Ball
1-0: Reached via error on a dropped throw from 3B, E4 (Groundball, 56, EV 110.6 MPH)
Lawrence Stokes to third
José Álvarez to second
Batting: SHB Esteban Piñeiro 0-0: SINGLE (Groundball, 4, EV 105.0 MPH) (infield hit)
Lawrence Stokes scores
José Álvarez to third
Sam Hamilton to second
Batting: LHB Pedro Guerrero 0-0: Called Strike
0-1: Called Strike
0-2: Ball
1-2: Strikes out swinging
Batting: RHB Charlie Cummings 0-0: Ball
1-0: Fly out, F4 (Popup, 4, EV 72.5 MPH)
Batting: LHB Danny Rodríguez 0-0: Ball
1-0: Ball
2-0: Ball
3-0: Base on Balls
José Álvarez scores
Sam Hamilton to third
Esteban Piñeiro to second
Batting: RHB Germán Gracía 0-0: Called Strike
0-1: Ball
1-1: Swinging Strike
1-2: Strikes out swinging
Top of the 8th over - 2 runs, 2 hits, 1 error, 3 left on base; Forest City 6 - Syracuse 2
BOTTOM OF THE 8TH
Syracuse Starks batting - Pitching for Forest City Warriors : RHP Clarence Miller
Batting: LHB Bill Gracián 0-0: Called Strike
0-1: Called Strike
0-2: Ball
1-2: Ball
2-2: Ball
3-2: Foul Ball, location: 2F
3-2: Strikes out swinging
Batting: RHB Adrian Chandler 0-0: Ball
1-0: Called Strike
1-1: Swinging Strike
1-2: Ball
2-2: Ball
3-2: Strikes out swinging
Batting: RHB Yoshiki Shimizu 0-0: SINGLE (Line Drive, 6D, EV 107.5 MPH)
Pitching: RHP Vicente López
Batting: RHB Akke Derksen 0-0: Fly out, F8 (Flyball, 78D, EV 101.9 MPH)
Bottom of the 8th over - 0 runs, 1 hit, 0 errors, 1 left on base; Forest City 6 - Syracuse 2
TOP OF THE 9TH
Forest City Warriors batting - Pitching for Syracuse Starks : RHP Jason Sanders
Batting: LHB Luis Aranda 0-0: Swinging Strike
0-1: Ball
1-1: Ball
2-1: Swinging Strike
2-2: Ball
3-2: Base on Balls
Pitching: LHP Jeffery Brock
Batting: RHB Lawrence Stokes 0-0: Called Strike
0-1: Foul Ball, location: 2F
0-2: Ball
1-2: Ball
2-2: Ball
3-2: Foul Ball, location: 2F
3-2: Foul Ball, location: 2F
3-2: Strikes out swinging
Luis Aranda steals 2nd base
Batter strikes out.
Batting: RHB José Álvarez 0-0: Intentional Walk
Batting: RHB Sam Hamilton 0-0: Ball
1-0: Ball
2-0: Ball
3-0: Called Strike
3-1: Foul Ball, location: 2F
3-2: Strikes out swinging
Batting: SHB Esteban Piñeiro 0-0: Ball
1-0: Called Strike
1-1: Fielders Choice at 2nd, 5-4 (Groundball, 5, EV 103.8 MPH)
Top of the 9th over - 0 runs, 0 hits, 0 errors, 2 left on base; Forest City 6 - Syracuse 2
BOTTOM OF THE 9TH
Syracuse Starks batting - Pitching for Forest City Warriors : RHP Vicente López
Pitching: RHP Mariano Bueno
Batting: RHB Arsenio Laurel 0-0: Called Strike
0-1: Ball
1-1: Ball
2-1: Called Strike
2-2: SINGLE (Groundball, 4D, EV 100.0 MPH)
Batting: RHB Patrick Mildren 0-0: Swinging Strike
0-1: Foul Ball, location: 2F
0-2: Fly out, F8 (Flyball, 8RXD, EV 85.6 MPH)
Batting: RHB Francisco Agámez 0-0: Ball
1-0: Fielders Choice at 2nd, 1-6 (Groundball, 34S, EV 75.0 MPH)
Batting: RHB Atanza Vongor 0-0: Foul Ball, location: 2F
0-1: Swinging Strike
0-2: Ball
1-2: Strikes out swinging
Bottom of the 9th over - 0 runs, 1 hit, 0 errors, 1 left on base; Forest City 6 - Syracuse 2
Friday, March 26th, 2021 - OOTP Baseball 20.8 Build 74